 Dungeon Sprint DCSS version 0.31-a0-325-g067879e3d3 (webtiles) character file.

Game seed: 163678363819780517

397 Conn the Arsonist (level 6, -2/37 HPs)
             Began as an Octopode Fire Elementalist on July 18, 2023.
             Slain by a red devil
             ... wielding a +0 trident
             ... summoned by a kobold demonologist
              (21 damage)
             ... in the Dungeon (Sprint III: "The Ten Rune Challenge").
             The game lasted 00:03:34 (503 turns).

Conn the Arsonist (Octopode Fire Elementalist)       Turns: 503, Time: 00:03:34

Health: -2/37      AC:  1    Str:  8    XL:     6   Next: 83%
Magic:  12/16      EV: 14    Int: 19    God:
Gold:   36         SH:  0    Dex: 12    Spells: 14/20 levels left

rFire   . . .        c - +2 short sword (flame)
rCold   . . .        (no shield)
rNeg    . . .        (helmet restricted)
rPois   .            (no amulet)
rElec   .            (no ring)
rCorr   .            (no ring)
SInv    .            (no ring)
Will    +....        (no ring)
Stlth   ++++         (no ring)
HPRegen 0.00/turn    (no ring)
MPRegen 0.15/turn    (no ring)
                     (no ring)

%: no teleportation
@: spiked, inhibited regen
A: almost no armour, amphibious, 8 rings, camouflage 1, gelatinous body 1,
(nimble swimmer 1), tentacles, tentacle spike 1, strong-willed 1, inhibited
regeneration
a: no special abilities


You were in the Dungeon.
You visited 1 branch You collected 36 gold pieces.

Inventory:

Hand Weapons
 c - a +2 short sword of flaming (weapon)
 g - a +3 quarterstaff of chaos
Scrolls
 i - a scroll of poison {unknown}
 j - a scroll of fear {unknown}
 l - a scroll of torment {unknown}
 m - 2 scrolls of identify
Potions
 a - 2 potions of magic
 d - a potion of haste
 e - a potion of berserk rage
 h - a potion of mutation
 k - 4 potions of enlightenment


   Skills:
 + Level 0.4 Fighting
 + Level 0.1 Short Blades
 + Level 4.7 Dodging
 + Level 6.0 Stealth
 + Level 7.6 Spellcasting
 + Level 3.5 Conjurations
 + Level 0.9 Hexes
 + Level 9.9 Fire Magic


You had 14 spell levels left.
You knew the following spells:

 Your Spells              Type           Power      Damage    Failure   Level
a - Foxfire               Conj/Fire      100%       2x1d9     1%          1
b - Scorch                Fire           90%        2d9       1%          2
c - Inner Flame           Hex/Fire       27%        N/A       3%          3

Your spell library contained the following spells:

 Spells                   Type           Power      Damage    Failure   Level
 Volatile Blastmotes      Fire/Tloc      52%        2d14      3%          3
 Flame Wave               Conj/Fire      32%        2d9       6%          4


Dungeon Overview and Level Annotations

Branches:
Dungeon (1/1)

Altars:
Kikubaaqudgha
Okawaru
Sif Muna
Trog
Uskayaw
Vehumet
Wu Jian


Innate Abilities, Weirdness & Mutations

You cannot wear most types of armour.
You are amphibious.
You can wear up to eight rings at the same time.
Your skin changes colour to match your surroundings (Stealth+).
Your rubbery body absorbs attacks. (AC +1, EV +1)
((You are camouflaged when in or above water. (Stealth+)))
You have tentacles for arms and can constrict up to eight enemies at once.
One of your tentacles bears a spike.
You are strong-willed. (Will+)
You do not regenerate when monsters are visible.


Message History

Unknown command.
Casting: Scorch (safe; 1% risk of failure)
Confirm with . or Enter, or press ? or * to list all spells.
Flames lash the red devil.
The red devil completely resists.
The kobold demonologist misses you.
The red devil hits you from afar with a +0 trident!
Barbed spikes become lodged in your body.
Unknown command.
The barbs in your skin will harm you if you move.
Continue? [Y]es or [N]o only, please.
The barbs in your skin will harm you if you move.
Continue?
Okay, then.
Unknown command.
Unknown command.
Unknown command.
The barbs in your skin will harm you if you move.
Continue?
Found an iron altar of Okawaru.
The barbed spikes dig painfully into your body as you move.
Unknown command.
Unknown command.
Casting: Scorch (safe; 1% risk of failure)
Confirm with . or Enter, or press ? or * to list all spells.
Flames lash the kobold demonologist.
The kobold demonologist is moderately wounded.
The kobold demonologist's fire resistance burns away.
The kobold demonologist hits you with a +0 dagger.
* * * LOW HITPOINT WARNING * * *
Unknown command.
Unknown command.
Casting: Scorch (safe; 1% risk of failure)
Confirm with . or Enter, or press ? or * to list all spells.
Okay, then.
Unknown command.
Unknown command.
Unknown command.
You feel better.
The kobold demonologist barely misses you.
The red devil hits you from afar with a +0 trident!!
Ouch! That really hurt!
You die...

..'...♣♣ ♣.# ###
..#....♣♣♣ ♣.# ___#
###......♣ ♣.# __.
..#....~.♣♣♣♣.###+#'###+
..#...~~..♣.♣.#.........
..#..~†~~♣.♣..'.⌠.......
#'#..~≈≈~~~...#...#####
..#.~~≈[~~....#.⌠.#
†.#.~≈~~~.....#.@.#
..#.÷[~.......#K###
###...........#4)4#
..............#___#
▓▓▓▓▓▓▓▓▓▓▓▓▓▓▓▓▓▓▓


You could see a kobold demonologist (combustible) and a red devil (summoned).

Vanquished Creatures
  A water elemental (D)
  Crazy Yiuf (D)
  A wizard (D)
  3 humans (D)
  2 endoplasms (D)
  2 rats (D)
10 creatures vanquished.

Vanquished Creatures (others)
  24 foxfires (D)
24 creatures vanquished.

Grand Total: 34 creatures vanquished

Notes
Turn   | Place    | Note
-------+----------+-------------------------------------------
     0 | D        | Conn the Octopode Fire Elementalist began the quest for the
                  | Orb.
     0 | D        | Reached XP level 1. HP: 11/11 MP: 3/3
   113 | D        | Noticed Crazy Yiuf
   119 | D        | Reached skill level 5 in Fire Magic
   119 | D        | Reached XP level 2. HP: 17/17 MP: 0/5
   173 | D        | Learned a level 2 spell: Scorch
   195 | D        | Killed Crazy Yiuf
   196 | D        | Reached XP level 3. HP: 21/21 MP: 0/7
   218 | D        | Gained mutation: You are weak. (Str -2) [potion of
                  | mutation]
   218 | D        | Gained mutation: Potions are less effective at restoring
                  | your health. [potion of mutation]
   218 | D        | Gained mutation: You are agile. (Dex +4, Str/Int -1)
                  | [potion of mutation]
   219 | D        | Lost mutation: You are weak. (Str -2) [potion of mutation]
   219 | D        | Lost mutation: You are agile. (Dex +4, Str/Int -1) [potion
                  | of mutation]
   219 | D        | Gained mutation: You occasionally shout uncontrollably at
                  | your foes. [potion of mutation]
   219 | D        | Gained mutation: You are clumsy. (Dex -2) [potion of
                  | mutation]
   219 | D        | Lost mutation: You are clumsy. (Dex -2) [potion of
                  | mutation]
   220 | D        | Lost mutation: Potions are less effective at restoring your
                  | health. [potion of mutation]
   220 | D        | Lost mutation: You occasionally shout uncontrollably at
                  | your foes. [potion of mutation]
   220 | D        | Gained mutation: You do not regenerate when monsters are
                  | visible. [potion of mutation]
   220 | D        | Gained mutation: One of your tentacles bears a spike.
                  | [potion of mutation]
   220 | D        | Gained mutation: You are strong-willed. (Will+) [potion of
                  | mutation]
   279 | D        | Learned a level 3 spell: Inner Flame
   279 | D        | Noticed a water elemental
   282 | D        | Killed a water elemental
   283 | D        | Reached skill level 7 in Fire Magic
   283 | D        | Reached XP level 4. HP: 27/27 MP: 1/10
   344 | D        | Noticed a human
   345 | D        | Noticed a human
   369 | D        | Killed a human
   370 | D        | Reached skill level 5 in Stealth
   370 | D        | Reached skill level 8 in Fire Magic
   370 | D        | Reached XP level 5. HP: 9/32 MP: 2/13
   370 | D        | Reached XP level 6. HP: 10/37 MP: 2/15
   370 | D        | Killed a human
   371 | D        | Reached skill level 9 in Fire Magic
   493 | D        | Found a hide-covered altar of Uskayaw.
   493 | D        | Found a bloodstained altar of Trog.
   493 | D        | Found an ornate altar of the Wu Jian Council.
   496 | D        | Found a radiant altar of Vehumet.
   496 | D        | Found a shimmering blue altar of Sif Muna.
   496 | D        | Found an ancient bone altar of Kikubaaqudgha.
   500 | D        | Noticed a red devil
   501 | D        | Found an iron altar of Okawaru.
   503 | D        | Slain by a red devil

Illustrated notes

Levels and vault maps discovered:
D:        dungeon_sprint_mu [sprint_mu_entry_forest, sprint_mu_temple_rooms,
          sprint_mu_d1_horrors, sprint_mu_d2_genie, sprint_mu_d3_branching,
          sprint_mu_orc_legion, sprint_mu_elf_gauntlet, sprint_mu_hive_nellie,
          sprint_mu_lair_fedhas, sprint_mu_vaults_butterflies,
          sprint_mu_slime_circle, sprint_mu_swamp_cave, sprint_mu_snake_twists,
          sprint_mu_blade_basic, sprint_mu_crypt_fortress,
          sprint_mu_tomb_spiral, sprint_mu_vestibule_basic,
          sprint_mu_gehenna_hellfire, sprint_mu_dis_giant,
          sprint_mu_tartarus_statrot, sprint_mu_cocytus_islands, sprint_mu_zot1]

Skill      XL: |  1  2  3  4  5  6 |
---------------+-------------------+-----
Stealth        | 3 4 5 6 |  6.0
Fire Magic     | 5 7 8 9 |  9.9
Dodging        | 3 4 |  4.7
Spellcasting   | 3 4 6 7 |  7.6
Conjurations   | 2 3 |  3.5
Fighting       | |  0.4
Short Blades   | |  0.1
Hexes          | |  0.9

Action                     |  1- 3 |  4- 6 || total
---------------------------+-------+-------++-------
  Melee: Unarmed           |     4 |       ||     4
         Constrict         |     2 |       ||     2
         Short sword       |       |     2 ||     2
         Tentacles         |       |     1 ||     1
   Cast: Foxfire           |     9 |     5 ||    14
         Scorch            |     5 |     7 ||    12
         Inner Flame       |       |     1 ||     1
    Use: Potion            |     3 |     3 ||     6
         Scroll            |       |     1 ||     1
   Stab: Sleeping          |       |     1 ||     1
  Dodge: Dodged            |     1 |     3 ||     4

Table legend: (Time is in decaauts)
 A = Elapsed time spent in this place.
 B = Non-inter-level travel time spent in this place.
 C = Inter-level travel time spent in this place.
 D = Time resting spent in this place.
 E = Time spent auto-exploring this place.
 F = Levels seen in this place.
 G = Mean time per level.
                   A        B        C        D        E       F      G
               +--------+--------+--------+--------+--------+-----+--------+
         Total |    502 |    502 |      0 |    297 |      0 |   1 |  502.0 |
       Dungeon |    502 |    502 |      0 |    297 |      0 |   1 |  502.0 |
               +--------+--------+--------+--------+--------+-----+--------+

Top non-repeatable levels by time:
       D: 502 daAuts
